[Event "ICC tourney 3150 (60 10)"]
[Site "Internet Chess Club"]
[Date "2023.03.18"]
[Round "3"]
[White "BRUDNO, STEPHEN:StevChess01"]
[Black "HAO, RYAN:Ryan334"]
[Result "1-0"]
[ICCResult "Black checkmated"]
[WhiteElo "1511"]
[BlackElo "1055"]
[Opening "QGD: Charousek (Petrosian) variation"]
[ECO "D31"]
[NIC "QP.08"]
[Time "17:00:18"]
[PlyCount "129"]
[TimeControl "3600+10"]

1. d4 d5 2. c4 e6 3. Nc3 Be7 4. cxd5 exd5 5. Bf4 Nf6 6. Qc2 a6 7. e3 O-O 8.
Rc1 Bd6 9. Bxd6 Qxd6 10. Nf3 c5 11. dxc5 Qxc5 12. Be2 Nc6 13. Rd1 Bg4 14.
O-O Rad8 15. Nd4 Nxd4 16. Rxd4 Bxe2 17. Qxe2 Rfe8 18. Rfd1 b5 19. a3 h6 20.
Qd2 Re5 21. h3 h5 22. e4 Rde8 23. exd5 Qd6 24. g3 R5e7 25. Qf4 Re1+ 26. Rxe1
Rxe1+ 27. Kg2 Qxf4 28. Rxf4 Re8 29. Rd4 Rd8 30. d6 Kf8 31. f3 Ke8 32. Ne4
Nxe4 33. fxe4 Kd7 34. Kf3 Ke6 35. Kf4 f6 36. d7 g5+ 37. Ke3 h4 38. gxh4 gxh4
39. Kf4 Rxd7 40. Rxd7 Kxd7 41. Kg4 Ke6 42. Kxh4 Ke5 43. Kg3 Kxe4 44. h4 f5
45. h5 f4+ 46. Kf2 Kf5 47. Kf3 Kg5 48. h6 Kxh6 49. Kxf4 Kg6 50. Ke5 Kf7 51.
Kd6 Ke8 52. Kc7 Ke7 53. Kb6 Kd6 54. b4 Kd5 55. Kxa6 Kc6 56. Ka5 Kb7 57. Kxb5
Ka7 58. Kc6 Kb8 59. b5 Ka7 60. Kc7 Ka8 61. a4 Ka7 62. b6+ Ka8 63. b7+ Ka7
64. b8=Q+ Ka6 65. Qb6# {Black checkmated} 1-0

[Event "ICC tourney 3150 (60 10)"]
[Site "Internet Chess Club"]
[Date "2023.03.18"]
[Round "3"]
[White "Hamlett, James Morrison:Hamlett144"]
[Black "VALE CRUZ, ARMIN:trucker"]
[Result "0-1"]
[ICCResult "White checkmated"]
[WhiteElo "1200"]
[BlackElo "1642"]
[Opening "Caro-Kann: advance variation"]
[ECO "B12"]
[NIC "CK.04"]
[Time "17:00:16"]
[PlyCount "66"]
[TimeControl "3600+10"]

1. e4 c6 2. d4 d5 3. e5 Bf5 4. f4 e6 5. Nf3 c5 6. Bb5+ Nc6 7. c3 Qb6 8. Bd3
Bxd3 9. Qxd3 cxd4 10. cxd4 Rc8 11. Nc3 Nh6 12. O-O Nf5 13. Nxd5 Qd8 14. Ne3
Nfxd4 15. Nxd4 Qxd4 16. Qb5 Qb4 17. Qxb4 Bxb4 18. a3 Bc5 19. b4 Bd4 20. Rb1
Ne7 21. Kh1 O-O 22. g4 b5 23. Ng2 Rc2 24. Be3 Bxe3 25. Nxe3 Rc3 26. Rfe1 Rd8
27. Rbd1 Rxd1 28. Rxd1 h5 29. Rd8+ Kh7 30. Rd7 Ng6 31. gxh5 Nxf4 32. Rxf7
Rc1+ 33. Nf1 Rxf1# {White checkmated} 0-1

[Event "ICC tourney 3150 (60 10)"]
[Site "Internet Chess Club"]
[Date "2023.03.18"]
[Round "3"]
[White "RAMKUMAR, NIKHIL:nikhilramkumar"]
[Black "QI, JENNY:eevee11"]
[Result "0-1"]
[ICCResult "White resigns"]
[WhiteElo "1195"]
[BlackElo "1630"]
[Opening "Queen's pawn game"]
[ECO "A45"]
[NIC "QP.07"]
[Time "17:00:20"]
[PlyCount "62"]
[TimeControl "3600+10"]

1. d4 Nf6 2. e3 g6 3. Bd3 d5 4. f4 Bg7 5. Nf3 O-O 6. Nbd2 c5 7. c3 Nc6 8.
O-O b6 9. Ne5 Nxe5 10. fxe5 Nd7 11. Qf3 e6 12. Qh3 Qe7 13. Rf4 h5 14. g4 Bh6
15. Rf3 Qg5 16. Rg3 hxg4 17. Qg2 Qe7 18. e4 cxd4 19. cxd4 Bb7 20. Rxg4 Be3+
21. Kh1 Bxd4 22. Nf3 Bxe5 23. Bh6 Bg7 24. Bxg7 Kxg7 25. Rg1 dxe4 26. Rxg6+
fxg6 27. Qxg6+ Kh8 28. Rg4 Qh7 29. Rh4 Qxh4 30. Nxh4 exd3+ 31. Kg1 Rg8
{White resigns}
0-1

[Event "ICC tourney 3150 (60 10)"]
[Site "Internet Chess Club"]
[Date "2023.03.18"]
[Round "3"]
[White "OPASKA, MICHAEL:mopaska1106"]
[Black "Cheng, Samuel:Samuel1001"]
[Result "0-1"]
[ICCResult "White resigns"]
[WhiteElo "1838"]
[BlackElo "1030"]
[Opening "Grünfeld: modern exchange variation"]
[ECO "D85"]
[NIC "GI.04"]
[Time "17:00:19"]
[PlyCount "64"]
[TimeControl "3600+10"]

1. d4 Nf6 2. c4 g6 3. Nc3 d5 4. cxd5 Nxd5 5. e4 Nxc3 6. bxc3 Bg7 7. Nf3 c5
8. Be3 Qa5 9. Qd2 Nc6 10. Rb1 a6 11. Rc1 O-O 12. Be2 Rd8 13. d5 Bg4 14. h3
Bxf3 15. gxf3 Rac8 16. h4 Na7 17. h5 Nb5 18. Bxb5 axb5 19. hxg6 fxg6 20. Bh6
Be5 21. f4 Bh8 22. f5 Ra8 23. fxg6 hxg6 24. Qg5 Bxc3+ 25. Kf1 Kf7 26. Rh3
Bf6 27. Rf3 Qxa2 28. e5 Qxd5 29. Rxf6+ exf6 30. Qxf6+ Ke8 31. Bg5 Qh1+ 32.
Ke2 Ra2+ {White resigns} 0-1

[Event "ICC tourney 3150 (60 10)"]
[Site "Internet Chess Club"]
[Date "2023.03.18"]
[Round "3"]
[White "ZHAO, DANSON:K01-30127679"]
[Black "QIAO, RICHARDSON JINGSI:Richardsonqiao"]
[Result "1/2-1/2"]
[ICCResult "Game drawn because neither player has mating material"]
[WhiteElo "1502"]
[BlackElo "1347"]
[Opening "Giuoco Pianissimo: Italian four knights variation"]
[ECO "C50"]
[NIC "IG.02"]
[Time "17:03:25"]
[PlyCount "121"]
[TimeControl "3600+10"]

1. e4 e5 2. Nf3 Nc6 3. Bc4 Bc5 4. Nc3 Nf6 5. d3 h6 6. h3 d6 7. Be3 Bb6 8.
O-O O-O 9. d4 Re8 10. dxe5 Nxe5 11. Nxe5 Rxe5 12. Bxb6 axb6 13. f4 Re8 14.
e5 Nh7 15. exd6 Qxd6 16. Qxd6 cxd6 17. Rad1 Be6 18. Bxe6 Rxe6 19. f5 Ree8
20. Rxd6 Ra6 21. a3 Nf6 22. Rfd1 Kf8 23. Rd8 Ra5 24. g4 Re5 25. Rxe8+ Nxe8
26. Kf2 Nf6 27. Re1 Rxe1 28. Kxe1 Ke7 29. Ke2 Kd6 30. Ke3 Ke5 31. Ne2 h5 32.
Kf3 g6 33. fxg6 fxg6 34. Nf4 hxg4+ 35. hxg4 g5 36. Ne2 Ne4 37. Ke3 Nf6 38.
Kf3 Ne4 39. c3 Nd2+ 40. Ke3 Nc4+ 41. Kd3 Nxb2+ 42. Kc2 Nc4 43. Kd3 Nxa3 44.
c4 b5 45. cxb5 Nxb5 46. Ke3 Nd6 47. Ng1 Nc4+ 48. Kf3 b5 49. Nh3 Kf6 50. Ke4
b4 51. Kd4 Na3 52. Kd3 Kg6 53. Kd2 Nc4+ 54. Kc2 Na5 55. Kd3 Kf6 56. Kc2 Nc6
57. Kb3 Kg6 58. Kc2 Ne5 59. Kb3 Nxg4 60. Nxg5 Kxg5 61. Kxb4
{Game drawn because neither player has mating material}
1/2-1/2

[Event "ICC tourney 3150 (60 10)"]
[Site "Internet Chess Club"]
[Date "2023.03.18"]
[Round "3"]
[White "KOEHL, EVAN:MacAndSneeze"]
[Black "LU, JOSHUA:qingjoshua"]
[Result "1/2-1/2"]
[ICCResult "Game drawn by mutual agreement"]
[WhiteElo "1729"]
[BlackElo "1895"]
[Opening "Caro-Kann: two knights variation"]
[ECO "B11"]
[NIC "CK.01"]
[Time "17:00:15"]
[PlyCount "98"]
[TimeControl "3600+10"]

1. e4 c6 2. Nc3 d5 3. Nf3 dxe4 4. Nxe4 Nf6 5. Qe2 Nxe4 6. Qxe4 Qd5 7. Qf4
Qf5 8. Qe3 Qe6 9. b3 Qxe3+ 10. fxe3 Bf5 11. Bb2 Nd7 12. d3 e6 13. Nh4 Bg6
14. Be2 Bb4+ 15. Kf2 O-O 16. c3 Be7 17. Nxg6 hxg6 18. e4 Rfd8 19. Rhd1 Nf6
20. Bf3 Rd7 21. d4 Rad8 22. Rac1 e5 23. Ke2 exd4 24. Rxd4 Bc5 25. Rxd7 Rxd7
26. Rd1 Rxd1 27. Kxd1 Kf8 28. c4 Ke7 29. Ke2 Ke6 30. Kd3 Bd6 31. h3 Be5 32.
Bc1 Nd7 33. Be3 a6 34. Bf2 Bd6 35. Bg4+ f5 36. exf5+ gxf5 37. Be2 Nc5+ 38.
Bxc5 Bxc5 39. Bf3 g6 40. Kc3 a5 41. Kd3 Ke5 42. Ke2 Kd4 43. Kd2 Bb4+ 44. Kc2
Ke3 45. Bd1 Kf2 46. Bf3 g5 47. Kd3 Bc5 48. Kd2 Kg3 49. Kd3 Kf4
{Game drawn by mutual agreement}
1/2-1/2

[Event "ICC tourney 3150 (60 10)"]
[Site "Internet Chess Club"]
[Date "2023.03.18"]
[Round "3"]
[White "SHERNOFF, LEON:LeonShernoff"]
[Black "S.M, UMER:uncrackable"]
[Result "0-1"]
[ICCResult "White forfeits on time"]
[WhiteElo "1905"]
[BlackElo "1865"]
[Opening "King's Indian: fianchetto, Uhlmann (Szabo) variation"]
[ECO "A15"]
[NIC "EO.64"]
[Time "17:00:14"]
[PlyCount "136"]
[TimeControl "3600+10"]

1. c4 Nf6 2. g3 g6 3. Bg2 Bg7 4. Nf3 O-O 5. O-O d6 6. Nc3 e5 7. d4 Nc6 8. d5
Ne7 9. b4 a5 10. Ba3 axb4 11. Bxb4 b6 12. a4 Ne8 13. e3 Bd7 14. Nb5 Qb8 15.
Qb3 c5 16. dxc6 Nxc6 17. Rad1 Nxb4 18. Qxb4 Bxb5 19. Qxb5 Nc7 20. Qc6 Ne6
21. Rxd6 Rc8 22. Qxb6 Qxb6 23. Rxb6 Rxa4 24. Bh3 e4 25. Bxe6 fxe6 26. Ng5
Raxc4 27. Nxe6 R4c6 28. Rxc6 Rxc6 29. Nxg7 Kxg7 30. f4 Rc2 31. Re1 Kf6 32.
g4 h5 33. h3 hxg4 34. hxg4 Rb2 35. Kf1 Rh2 36. Re2 Rh4 37. g5+ Kf5 38. Kg2
Kg4 39. Rf2 Rh3 40. f5 Rg3+ 41. Kh2 Rh3+ 42. Kg2 Rg3+ 43. Kh2 Rxe3 44. f6
Rh3+ 45. Kg2 Rh8 46. Re2 Kxg5 47. Rxe4 Kxf6 48. Kg3 Rh5 49. Ra4 Rb5 50. Rf4+
Rf5 51. Ra4 Rd5 52. Rf4+ Kg7 53. Ra4 Kh6 54. Kg4 Rb5 55. Rc4 Rg5+ 56. Kf4
Kh5 57. Rc8 Rg4+ 58. Kf3 Rh4 59. Rg8 Kg5 60. Rg7 Rh3+ 61. Kg2 Rb3 62. Rg8
Kh5 63. Rh8+ Kg4 64. Ra8 Rb2+ 65. Kf1 g5 66. Rg8 Kf3 67. Rf8+ Kg3 68. Rg8 g4
{White forfeits on time}
0-1

[Event "ICC tourney 3150 (60 10)"]
[Site "Internet Chess Club"]
[Date "2023.03.19"]
[Round "4"]
[White "S.M, UMER:uncrackable"]
[Black "Doan Giang, Nguyen Doan:Doctorstrange04"]
[Result "1/2-1/2"]
[ICCResult "Game drawn by mutual agreement"]
[WhiteElo "1865"]
[BlackElo "1835"]
[Opening "King's Indian: fianchetto without c4"]
[ECO "A49"]
[NIC "EO.26"]
[Time "11:00:24"]
[PlyCount "22"]
[TimeControl "3600+10"]

1. d4 Nf6 2. Nf3 g6 3. g3 Bg7 4. Bg2 c5 5. c4 O-O 6. O-O cxd4 7. Nxd4 Nc6 8.
Nc3 Qa5 9. Nc2 d6 10. Qd2 Qh5 11. Qg5 Be6 {Game drawn by mutual agreement}
1/2-1/2

[Event "ICC tourney 3150 (60 10)"]
[Site "Internet Chess Club"]
[Date "2023.03.19"]
[Round "4"]
[White "Blanchette, Rene:TheWitnesses"]
[Black "Ceballos, Sebastian Merida:Sebastianmc"]
[Result "0-1"]
[ICCResult "White checkmated"]
[WhiteElo "1900"]
[BlackElo "1850"]
[Opening "Réti opening"]
[ECO "A04"]
[NIC "QP.11"]
[Time "11:01:20"]
[PlyCount "30"]
[TimeControl "3600+10"]

1. Nf3 e6 2. b3 f5 3. Bb2 Nf6 4. e3 b6 5. c4 Bb7 6. Be2 Be7 7. O-O O-O 8.
Nc3 d6 9. d4 Ne4 10. Qc2 Rf6 11. Rad1 Rg6 12. Nd2 Nxd2 13. Qxd2 Bxg2 14. f4
Be4+ 15. Kf2 Bh4# {White checkmated} 0-1

[Event "ICC tourney 3150 (60 10)"]
[Site "Internet Chess Club"]
[Date "2023.03.19"]
[Round "4"]
[White "LO, AARON:Pikaplaychu"]
[Black "ZHAO, DANSON:K01-30127679"]
[Result "1-0"]
[ICCResult "Black checkmated"]
[WhiteElo "1387"]
[BlackElo "1502"]
[Opening "Ruy Lopez: Anderssen variation"]
[ECO "C77"]
[NIC "RL.12"]
[Time "11:01:20"]
[PlyCount "57"]
[TimeControl "3600+10"]

1. e4 e5 2. Nf3 Nc6 3. Bb5 a6 4. Ba4 Nf6 5. d3 d6 6. h3 Be7 7. Nc3 b5 8. Bb3
h6 9. Nd5 Bb7 10. Bd2 Nd7 11. a3 Nc5 12. Nxe7 Qxe7 13. Bd5 Na4 14. Bb3 Nb6
15. Qe2 Qd7 16. O-O O-O 17. c3 Rae8 18. Nh4 d5 19. Nf5 dxe4 20. dxe4 Ne7 21.
Nxh6+ gxh6 22. Bxh6 Ng6 23. Rad1 Qc6 24. Rfe1 Bc8 25. Qh5 Qf6 26. Rd3 Nf4
27. Rg3+ Kh7 28. Bxf4+ Qh6 29. Qxh6# {Black checkmated} 1-0

[Event "ICC tourney 3150 (60 10)"]
[Site "Internet Chess Club"]
[Date "2023.03.19"]
[Round "4"]
[White "Anh, Phuc:Phucanhfananime"]
[Black "ZHUGE, KATHERINE:FlowingMelody"]
[Result "0-1"]
[ICCResult "White resigns"]
[WhiteElo "1765"]
[BlackElo "1554"]
[Opening "Queen's pawn, Mason variation"]
[ECO "D00"]
[NIC "QP.08"]
[Time "11:01:40"]
[PlyCount "106"]
[TimeControl "3600+10"]

1. d4 d5 2. Bf4 Nf6 3. e3 e6 4. Nf3 Bd6 5. Ne5 O-O 6. Bd3 c5 7. c3 c4 8. Bc2
Qc7 9. Bg3 Nc6 10. f4 b5 11. O-O a5 12. Bh4 Be7 13. Nd2 Bb7 14. Rf3 Nxe5 15.
fxe5 Ne4 16. Bxe7 Qxe7 17. Bxe4 dxe4 18. Rf4 f5 19. exf6 Rxf6 20. Qe2 Raf8
21. Raf1 Rxf4 22. exf4 Qd6 23. Nxe4 Bxe4 24. Qxe4 b4 25. g3 Re8 26. Qe5 Qxe5
27. fxe5 bxc3 28. bxc3 Rb8 29. Rf2 Rb1+ 30. Kg2 Rc1 31. Kf3 Rxc3+ 32. Ke4
Rc1 33. Re2 Kf7 34. d5 exd5+ 35. Kxd5 c3 36. Kc4 Ke6 37. Kb5 Rb1+ 38. Kxa5
Rb2 39. Re3 Rxa2+ 40. Kb4 c2 41. Rc3 Kxe5 42. Kb3 c1=Q 43. Rxc1 Rxh2 44. Rf1
Rg2 45. Rf3 Ke4 46. Rf4+ Ke5 47. Rf3 g6 48. Kc4 Ke4 49. Rf4+ Ke3 50. Rh4 h5
51. Kd5 Rxg3 52. Ke5 Rg4 53. Rh3+ Kf2 {White resigns} 0-1

[Event "ICC tourney 3150 (60 10)"]
[Site "Internet Chess Club"]
[Date "2023.03.19"]
[Round "4"]
[White "OPASKA, MICHAEL:mopaska1106"]
[Black "BRUDNO, STEPHEN:StevChess01"]
[Result "1-0"]
[ICCResult "Black resigns"]
[WhiteElo "1838"]
[BlackElo "1511"]
[Opening "Benoni defense"]
[ECO "A56"]
[NIC "BI.38"]
[Time "11:00:28"]
[PlyCount "53"]
[TimeControl "3600+10"]

1. d4 Nf6 2. c4 c5 3. d5 g6 4. Nc3 Bg7 5. Nf3 O-O 6. Bg5 h6 7. Bf4 d6 8. h4
Bf5 9. g3 Ne4 10. Nxe4 Bxe4 11. Qd2 Kh7 12. Bg2 f5 13. O-O Qb6 14. b3 a5 15.
Rad1 Qb4 16. Qc1 a4 17. Nd2 Bxg2 18. Kxg2 axb3 19. axb3 Nd7 20. Qc2 Ra6 21.
e4 Qc3 22. Qb1 Rfa8 23. exf5 Ra1 24. fxg6+ Kh8 25. Qf5 Ne5 26. Rxa1 Rxa1 27.
Qc8+ {Black resigns} 1-0

[Event "ICC tourney 3150 (60 10)"]
[Site "Internet Chess Club"]
[Date "2023.03.19"]
[Round "4"]
[White "Cheng, Samuel:Samuel1001"]
[Black "KOEHL, EVAN:MacAndSneeze"]
[Result "1/2-1/2"]
[ICCResult "Game drawn by repetition"]
[WhiteElo "1030"]
[BlackElo "1729"]
[Opening "Grünfeld: modern exchange variation"]
[ECO "D85"]
[NIC "GI.04"]
[Time "11:00:44"]
[PlyCount "103"]
[TimeControl "3600+10"]

1. d4 Nf6 2. c4 g6 3. Nc3 d5 4. cxd5 Nxd5 5. e4 Nxc3 6. bxc3 Bg7 7. Nf3 c5
8. Be3 Nc6 9. Qd2 Qa5 10. Rc1 cxd4 11. cxd4 Qxd2+ 12. Kxd2 O-O 13. d5 Rd8
14. Ke1 Ne5 15. Nxe5 Bxe5 16. f4 Bg7 17. Be2 e6 18. dxe6 Bxe6 19. Bc4 Bxc4
20. Rxc4 Rd3 21. Ke2 Ra3 22. Rc2 Rd8 23. Rhc1 Re8 24. Rc8 Rxa2+ 25. Kf3 Rf8
26. R8c7 b6 27. Rd7 Ra3 28. Kf2 Re8 29. e5 g5 30. Rcc7 gxf4 31. Bxf4 Bxe5
32. Bxe5 Rxe5 33. Rxf7 Rc5 34. Rg7+ Kf8 35. Rxa7 Rc2+ 36. Kf1 Rxa7 37. Rxa7
Kg8 38. Rb7 Rb2 39. Kg1 b5 40. h3 b4 41. Kh2 Kh8 42. h4 b3 43. Kh3 Rb1 44.
Kh2 Kg8 45. g3 b2 46. g4 h6 47. Kg2 Kf8 48. Kh2 Kg8 49. Kg2 Kf8 50. Kh2 Kg8
51. Kg2 Kf8 52. Kh2 {Game drawn by repetition} 1/2-1/2

[Event "ICC tourney 3150 (60 10)"]
[Site "Internet Chess Club"]
[Date "2023.03.19"]
[Round "4"]
[White "QIAO, RICHARDSON JINGSI:Richardsonqiao"]
[Black "RAMKUMAR, NIKHIL:nikhilramkumar"]
[Result "1/2-1/2"]
[ICCResult "Game drawn because neither player has mating material"]
[WhiteElo "1347"]
[BlackElo "1195"]
[Opening "Queen's pawn, Mason variation"]
[ECO "D00"]
[NIC "QP.08"]
[Time "11:00:48"]
[PlyCount "158"]
[TimeControl "3600+10"]

1. d4 d5 2. Bf4 Bf5 3. e3 c6 4. Nf3 Nf6 5. c3 e6 6. Bd3 Bg6 7. Qc2 Qb6 8.
Nbd2 Nbd7 9. O-O Be7 10. a4 c5 11. a5 Qc6 12. Rfe1 cxd4 13. exd4 Nh5 14. Be5
Nhf6 15. h3 Bd6 16. Bxd6 Qxd6 17. Ne5 Qc7 18. b4 Nxe5 19. Rxe5 Rc8 20. Bxg6
hxg6 21. Re3 Rh4 22. Qa4+ Kf8 23. Qb5 Nd7 24. Nb3 a6 25. Qa4 Qd8 26. Nc5
Nxc5 27. bxc5 Kg8 28. Qb4 Qe7 29. Rb1 Rc7 30. Qb6 Qd7 31. Rb4 Rf4 32. Qd6
Qxd6 33. cxd6 Rd7 34. Rb6 Re4 35. Rxe4 dxe4 36. c4 f6 37. c5 Kf8 38. c6 bxc6
39. Rxc6 Ke8 40. Rxa6 Rb7 41. Rb6 Ra7 42. a6 Ra8 43. Kf1 Kd7 44. Ke2 f5 45.
Ke3 g5 46. g3 g6 47. h4 gxh4 48. gxh4 Rh8 49. Kd2 f4 50. Rb7+ Kxd6 51. Rf7
e3+ 52. fxe3 fxe3+ 53. Kxe3 Rxh4 54. Rb7 Rh3+ 55. Ke4 Ra3 56. Rb6+ Kd7 57.
d5 exd5+ 58. Kxd5 Ra5+ 59. Kc4 Kc7 60. Rxg6 Kb8 61. Kb4 Ra1 62. Kb5 Rb1+ 63.
Kc6 Ka7 64. Kc7 Ra1 65. Rg8 Rxa6 66. Rg7 Ra1 67. Kc6+ Ka6 68. Rg6 Rc1+ 69.
Kd5+ Kb5 70. Rg5 Rd1+ 71. Ke4+ Kc4 72. Rg8 Re1+ 73. Kf4 Rf1+ 74. Ke3 Rf6 75.
Rg4+ Kd5 76. Rg5+ Ke6 77. Ke4 Ke7 78. Re5+ Re6 79. Rxe6+ Kxe6
{Game drawn because neither player has mating material}
1/2-1/2

[Event "ICC tourney 3150 (60 10)"]
[Site "Internet Chess Club"]
[Date "2023.03.19"]
[Round "4"]
[White "GHOSH, YOHAN:luckylion"]
[Black "SHERNOFF, LEON:LeonShernoff"]
[Result "0-1"]
[ICCResult "White resigns"]
[WhiteElo "1445"]
[BlackElo "1905"]
[Opening "Scotch gambit: Dubois-Réti defense"]
[ECO "C55"]
[NIC "KP.02"]
[Time "11:01:20"]
[PlyCount "96"]
[TimeControl "3600+10"]

1. e4 e5 2. Nf3 Nc6 3. d4 exd4 4. Bc4 Nf6 5. e5 d5 6. Bb5 Ne4 7. Nxd4 Bc5 8.
Be3 Bd7 9. Bxc6 bxc6 10. O-O O-O 11. f3 Ng5 12. f4 Ne6 13. c3 Bb6 14. f5
Nxd4 15. cxd4 Re8 16. Qh5 Rxe5 17. dxe5 Bxe3+ 18. Kh1 Bd4 19. f6 Bxb2 20.
fxg7 Qe8 21. Nd2 Bxa1 22. Nf3 f6 23. Qh6 Bxe5 24. h3 Qg6 25. Qh4 Bd6 26. Qd4
Kxg7 27. Nh4 Qg5 28. Nf3 Qf4 29. Qb2 Re8 30. g3 Qe3 31. Qg2 Qd3 32. g4 Re2
33. Rf2 Qd1+ 34. Ng1 Rxf2 35. Qxf2 Qc1 36. Kg2 Bc5 37. Qf1 Qxf1+ 38. Kxf1
Bxg1 39. Kxg1 c5 40. Kf2 d4 41. Ke2 c4 42. Kd2 Bc6 43. h4 Be4 44. g5 c3+ 45.
Kc1 d3 46. Kd1 d2 47. h5 fxg5 48. a3 Bf3+ {White resigns} 0-1

[Event "ICC tourney 3150 (60 10)"]
[Site "Internet Chess Club"]
[Date "2023.03.19"]
[Round "4"]
[White "VALE CRUZ, ARMIN:trucker"]
[Black "MENON, ROHAN Dileep:KIDFIRE"]
[Result "1-0"]
[ICCResult "Black checkmated"]
[WhiteElo "1642"]
[BlackElo "1342"]
[Opening "Caro-Kann: classical, 6.h4"]
[ECO "B18"]
[NIC "CK.11"]
[Time "11:00:41"]
[PlyCount "121"]
[TimeControl "3600+10"]

1. e4 c6 2. d4 d5 3. Nc3 dxe4 4. Nxe4 Bf5 5. Ng3 Bg6 6. h4 h5 7. N1e2 e6 8.
Nf4 Ne7 9. c3 Nf5 10. Nxg6 fxg6 11. Bg5 Be7 12. Ne4 Nxh4 13. Bxh4 Bxh4 14.
Bc4 Qe7 15. Qe2 O-O 16. O-O-O b5 17. Bb3 Bg5+ 18. Kb1 Re8 19. Rd3 Bf4 20.
Nc5 Nd7 21. Nxe6 Kh7 22. Rxh5+ gxh5 23. Qxh5+ Bh6 24. Rg3 Nf6 25. Ng5+ Kh8
26. Nf7+ Qxf7 27. Qxf7 Re1+ 28. Kc2 Rae8 29. Re3 Bxe3 30. fxe3 Re2+ 31. Kc1
R8xe3 32. Qf8+ Kh7 33. Bc2+ Ne4 34. Qf5+ g6 35. Qf7+ Kh6 36. Qf8+ Kg5 37.
Qe7+ Kg4 38. Bd1 Kg3 39. Bxe2 Rxe2 40. Qf7 Rxg2 41. Qxg6+ Kf3 42. Qxc6 Ke3
43. Qxb5 Nf2 44. Qe5+ Kd3 45. Qe1 Kc4 46. b3+ Kd5 47. Qe3 Rg1+ 48. Kc2 Ra1
49. Qf3+ Kd6 50. Kb2 Rf1 51. Ka3 a5 52. c4 Kc7 53. c5 Kd7 54. d5 Kc7 55. Ka4
Kd7 56. Kxa5 Kc7 57. Kb5 Kd7 58. Kb6 Nd3 59. Qxf1 Nb4 60. Qf7+ Kc8 61. Qc7#
{Black checkmated}
1-0

[Event "ICC tourney 3150 (60 10)"]
[Site "Internet Chess Club"]
[Date "2023.03.19"]
[Round "5"]
[White "Blanchette, Rene:TheWitnesses"]
[Black "LO, AARON:Pikaplaychu"]
[Result "1-0"]
[ICCResult "Black resigns"]
[WhiteElo "1900"]
[BlackElo "1387"]
[Opening "Réti opening"]
[ECO "A05"]
[NIC "QP.11"]
[Time "14:00:36"]
[PlyCount "81"]
[TimeControl "3600+10"]

1. Nf3 Nf6 2. b3 b6 3. e3 e6 4. Bb2 Bb7 5. Be2 Be7 6. O-O O-O 7. d3 d6 8.
Nbd2 Nbd7 9. c4 c5 10. Qc2 Qc7 11. Rac1 d5 12. Rfd1 Rfd8 13. Qb1 Rac8 14.
Qa1 Bd6 15. h3 e5 16. cxd5 Bxd5 17. Nc4 Re8 18. e4 Bxc4 19. Rxc4 b5 20. Rc2
Qb6 21. Rdc1 Rc7 22. Bf1 Nh5 23. g3 h6 24. Nh4 g6 25. Ng2 Nhf6 26. Ne3 Qb7
27. Bg2 Nb6 28. Ba3 b4 29. Bb2 a5 30. Nc4 Nxc4 31. dxc4 Nxe4 32. Re1 f5 33.
Rce2 Rce7 34. Bxe4 fxe4 35. Rxe4 Qc7 36. Qd1 Re6 37. Qd5 Kh7 38. f4 Qe7 39.
Bxe5 Bxe5 40. Rxe5 Rxe5 41. Rxe5 {Black resigns} 1-0

[Event "ICC tourney 3150 (60 10)"]
[Site "Internet Chess Club"]
[Date "2023.03.19"]
[Round "5"]
[White "BRUDNO, STEPHEN:StevChess01"]
[Black "Hamlett, James Morrison:Hamlett144"]
[Result "1-0"]
[ICCResult "Black resigns"]
[WhiteElo "1511"]
[BlackElo "1200"]
[Opening "Nimzo-Indian: Kmoch variation"]
[ECO "E20"]
[NIC "NI.30"]
[Time "14:02:12"]
[PlyCount "28"]
[TimeControl "3600+10"]

1. d4 Nf6 2. c4 e6 3. Nc3 Bb4 4. f3 b6 5. e4 Nxe4 6. fxe4 Qh4+ 7. Kd2 Qf2+
8. Ne2 Nc6 9. Kc2 Ba6 10. b3 Bb7 11. Qd3 Bc5 12. Qe3 Nb4+ 13. Kd1 Bxd4 14.
Qxd4 Qe1+ {Black resigns} 1-0

[Event "ICC tourney 3150 (60 10)"]
[Site "Internet Chess Club"]
[Date "2023.03.19"]
[Round "5"]
[White "ZHUGE, KATHERINE:FlowingMelody"]
[Black "MENON, ROHAN Dileep:KIDFIRE"]
[Result "1-0"]
[ICCResult "Black checkmated"]
[WhiteElo "1554"]
[BlackElo "1342"]
[Opening "Caro-Kann: Tartakower (Nimzovich) variation"]
[ECO "B15"]
[NIC "CK.06"]
[Time "14:00:25"]
[PlyCount "123"]
[TimeControl "3600+10"]

1. e4 c6 2. d4 d5 3. Nc3 dxe4 4. Nxe4 Nf6 5. Nxf6+ exf6 6. c3 Bd6 7. Bd3 O-O
8. Nf3 Bg4 9. O-O Qc7 10. h3 Bh5 11. Be3 Nd7 12. Be2 Rfe8 13. Qc2 c5 14.
Rad1 cxd4 15. Nxd4 Bxe2 16. Nxe2 Bc5 17. Rxd7 Qxd7 18. Bxc5 Qb5 19. Be3 Rad8
20. Nd4 Qe5 21. Rd1 f5 22. Nf3 Qa5 23. Rxd8 Rxd8 24. a3 b6 25. Nd4 Rd5 26.
Nc6 Qb5 27. Ne7+ Kf8 28. Nxd5 Qxd5 29. Qd2 Qa8 30. Qd7 h6 31. Qxf5 Qc6 32.
Qe5 Qb7 33. Bd4 f6 34. Qd6+ Kf7 35. f3 b5 36. Qc5 a6 37. Qh5+ Kg8 38. Qe8+
Kh7 39. Qe4+ Qxe4 40. fxe4 Kg8 41. Kf2 Kf7 42. e5 Ke6 43. exf6 gxf6 44. Kf3
Kd5 45. Bxf6 Kc4 46. Be7 Kb3 47. Bb4 Kxb2 48. g4 Kb3 49. h4 Ka4 50. Ke3 a5
51. Bf8 Kb3 52. Kd3 a4 53. g5 hxg5 54. hxg5 b4 55. Bxb4 Ka2 56. Kc2 Ka1 57.
g6 Ka2 58. g7 Ka1 59. Kc1 Ka2 60. g8=Q+ Ka1 61. Qg6 Ka2 62. Qb1#
{Black checkmated}
1-0

[Event "ICC tourney 3150 (60 10)"]
[Site "Internet Chess Club"]
[Date "2023.03.19"]
[Round "5"]
[White "QI, JENNY:eevee11"]
[Black "GHOSH, YOHAN:luckylion"]
[Result "1-0"]
[ICCResult "Black checkmated"]
[WhiteElo "1630"]
[BlackElo "1445"]
[Opening "Sicilian: accelerated fianchetto, modern variation with Bc4"]
[ECO "B35"]
[NIC "SI.33"]
[Time "14:00:24"]
[PlyCount "103"]
[TimeControl "3600+10"]

1. e4 c5 2. Nf3 Nc6 3. d4 cxd4 4. Nxd4 g6 5. Nc3 Bg7 6. Be3 Nf6 7. Bc4 O-O
8. Bb3 d6 9. f3 h5 10. Qd2 Bd7 11. h4 Rc8 12. O-O-O Ne5 13. Bh6 Nc4 14. Bxc4
Rxc4 15. Bxg7 Kxg7 16. g4 Qa5 17. Nb3 Qa6 18. gxh5 Nxh5 19. Rdg1 Rh8 20. Qg5
e6 21. Qe7 Be8 22. Rxg6+ Kxg6 23. Qg5+ Kh7 24. Qxh5+ Kg7 25. Rg1+ Kf8 26.
Qxh8+ Ke7 27. Qg7 b5 28. Qg5+ Kd7 29. Qxb5+ Qxb5 30. Nxb5 a5 31. Rd1 Rc6 32.
h5 a4 33. Rxd6+ Rxd6 34. Nxd6 Kxd6 35. h6 axb3 36. axb3 f5 37. h7 fxe4 38.
h8=Q exf3 39. Qxe8 e5 40. Qf8+ Ke6 41. Qxf3 e4 42. Qxe4+ Kf6 43. Qd5 Ke7 44.
Qc6 Kf7 45. Kd2 Ke7 46. Ke3 Kf7 47. Kf4 Ke7 48. Ke5 Kf7 49. Qf6+ Kg8 50. Qe7
Kh8 51. Kf6 Kg8 52. Qg7# {Black checkmated} 1-0